 Dungeon Crawl Stone Soup version 0.30-a0-553-g7fabdf1491 (webtiles) character file.

Game seed: 16033611405901135167

67 Zonian the Chiller (level 4, -1/21 HPs)
             Began as a Vine Stalker Ice Elementalist on Dec 27, 2022.
             Killed from afar by Sigmund (5 damage)
             ... with a magic dart
             ... on level 2 of the Dungeon.
             The game lasted 00:03:17 (1022 turns).

Zonian the Chiller (Vine Stalker Ice Elementalist)  Turns: 1022, Time: 00:03:17

Health: -1/21      AC:  3    Str: 10    XL:     4   Next: 18%
Magic:  0/9        EV: 12    Int: 17    God:
Gold:   104        SH:  0    Dex: 15    Spells: 7/8 levels left

rFire   . . .      SeeInvis .    g - +1 sling (drain)
rCold   + . .      Faith    .    (no shield)
rNeg    . . .      Spirit   +    a - +0 robe
rPois   .          Reflect  .    (no helmet)
rElec   .          Harm     .    (no cloak)
rCorr   .          Rampage  .    m - +0 pair of gloves
Will    .....                    (no boots)
Stlth   ++                       (no amulet)
HPRegen 1.03/turn                c - ring of protection from cold
MPRegen 0.11/turn                (no ring)

@: attractive
A: fangs 2, regeneration 1, magic shield, antimagic bite, no potion heal 2
a: no special abilities


You were on level 2 of the Dungeon.
You visited 1 branch of the dungeon, and saw 2 of its levels.

You collected 104 gold pieces.

Inventory:

Hand Weapons
 f - a +0 dagger
 g - a +1 sling of draining (weapon)
Armour
 a - a +0 robe (worn)
 m - a +0 pair of gloves (worn)
Jewellery
 c - a ring of protection from cold (left hand)
 n - a ring of protection from cold
Scrolls
 d - a scroll of enchant weapon {unknown}
 e - a scroll of teleportation {unknown}
 h - 2 scrolls of immolation {unknown}
 i - a scroll of identify {unknown}
 k - 2 scrolls of poison {unknown}
 o - a scroll of brand weapon {unknown}


   Skills:
 + Level 2.2 Dodging
 + Level 3.3 Stealth
 + Level 2.9 Spellcasting
 + Level 4.5 Ice Magic


You had 7 spell levels left.
You knew the following spells:

 Your Spells              Type           Power      Damage    Failure   Level
a - Freeze                Ice            68%        1d8       2%          1

Your spell library contained the following spells:

 Spells                   Type           Power      Damage    Failure   Level
 Frozen Ramparts          Ice            34%        1d6       9%          3
 Ozocubu's Armour         Ice            17%        N/A       9%          3
 Ensorcelled Hibernation  Hex/Ice        20%        N/A       11%         2
 Spider Form              Tmut/Pois      2%         N/A       47%         3
 Summon Ice Beast         Ice/Summ       10%        N/A       56%         4
 Anguish                  Hex/Necr       1%         N/A       87%         4


Dungeon Overview and Level Annotations

Branches:
Dungeon (2/15)

Altars:

Annotations:
D:2 Sigmund


Innate Abilities, Weirdness & Mutations

You have extremely sharp teeth.
Your natural rate of healing is unusually fast.
When hurt, damage is shared between your health and your magic reserves.
Your bite disrupts and absorbs the magic of your enemies.
Potions cannot restore your health.


Message History

* * * LOW HITPOINT WARNING * * *
Unknown command.
Magic courses through your body.
Unknown command.
Something hits you.
* * * LOW HITPOINT WARNING * * *
Something is attracted toward you.
Unknown command.
You bump into the rock wall.
Something hits you.
* * * LOW HITPOINT WARNING * * *
Unknown command.
Non-targeted confused fire: g) +1 sling (drain)
Press: ? - help, Q - select action, (/) - cycle Dir - look around, f - activate You shoot a sling bullet.
You feel less invigorated.
You feel less confused.
Fire: g) +1 sling (drain)
Press: ? - help, Q - select action, (/) - cycle Shift-Dir - straight line You shoot a sling bullet.
Something hits you!
* * * LOW HITPOINT WARNING * * *
Unknown command.
Fire: g) +1 sling (drain)
Press: ? - help, Q - select action, (/) - cycle Shift-Dir - straight line You shoot a sling bullet.
Something hits you.
* * * LOW HITPOINT WARNING * * *
Unknown command.
Okay, then.
Fire: g) +1 sling (drain)
Press: ? - help, Shift-Dir - straight line, f - you
Okay, then.
Unknown command.
Fire: g) +1 sling (drain)
Press: ? - help, Q - select action, (/) - cycle Shift-Dir - straight line You shoot a sling bullet.
You hear some strange, mumbled words.
A magic dart appears from out of thin air!
The magic dart hits you!
You die...

. #.. .. .
##.#...
####.......
#.@{...)...
#.##...##..
##.# ......#
#..# ......#
#.## ......#
#.##########
#...#
#####.#.##
##.
.........#


There were no monsters in sight!

Vanquished Creatures
  An adder (D:2)
  A worm (D:2)
  A dart slug (D:1)
  8 bats
  3 endoplasms (D:1)
  3 giant cockroaches
  9 goblins
  4 hobgoblins
  4 jackals (D:1)
  2 quokkas (D:1)
  2 ball pythons (D:2)
  2 kobolds
  7 rats
47 creatures vanquished.

Notes
Turn   | Place    | Note
-------+----------+-------------------------------------------
     0 | D:1      | Zonian the Vine Stalker Ice Elementalist began the quest
                  | for the Orb.
     0 | D:1      | Reached XP level 1. HP: 9/9 MP: 4/4
   225 | D:1      | Reached XP level 2. HP: 13/13 MP: 3/6
   466 | D:1      | Reached XP level 3. HP: 16/16 MP: 7/7
   929 | D:2      | Gained mutation: Your natural rate of healing is unusually
                  | fast. [Vine Stalker growth]
   929 | D:2      | Reached XP level 4. HP: 19/21 MP: 6/9
  1007 | D:2      | Noticed Sigmund
  1022 | D:2      | Killed from afar by Sigmund

Illustrated notes

Levels and vault maps discovered:
D:1:      roderic_chinese_lattice_arrival, layout_basic, minmay_hexomino_c4
D:2:      layout_basic, minmay_fountain_box, minmay_close_crescents,
          uniq_sigmund

Skill      XL: |  1  2  3 |
---------------+----------+-----
Stealth        | 3 |  3.3
Dodging        | 2 |  2.2
Spellcasting   | |  2.9
Ice Magic      | |  4.5

Action                   |  1- 3 |  4- 6 || total
-------------------------+-------+-------++-------
Melee: Unarmed           |     3 |       ||     3
       Bite              |     2 |       ||     2
 Fire: Sling             |    64 |    24 ||    88
 Cast: Freeze            |    21 |       ||    21
  Use: Potion            |       |     3 ||     3
 Stab: Sleeping          |     1 |       ||     1
Armor: Robe              |    17 |     4 ||    21
Dodge: Dodged            |    35 |    20 ||    55

Table legend: (Time is in decaauts)
 A = Elapsed time spent in this place.
 B = Non-inter-level travel time spent in this place.
 C = Inter-level travel time spent in this place.
 D = Time resting spent in this place.
 E = Time spent auto-exploring this place.
 F = Levels seen in this place.
 G = Mean time per level.
                   A        B        C        D        E       F      G
               +--------+--------+--------+--------+--------+-----+--------+
         Total |   1055 |   1048 |      7 |     14 |    702 |   2 |  527.5 |
       Dungeon |   1055 |   1048 |      7 |     14 |    702 |   2 |  527.5 |
               +--------+--------+--------+--------+--------+-----+--------+

Top non-repeatable levels by time:
     D:1: 843 daAuts
     D:2: 211 daAuts
